 Dungeon Crawl Stone Soup version 0.31-a0-626-g8143ab4f1d (webtiles) character file.

Game seed: 5327125854089952306

231 IdlyInterested the Chopper (level 5, -4/38 HPs)
             Began as a Demonspawn Gladiator on Aug 24, 2023.
             Slain by a yak (6 damage)
             ... on level 5 of the Dungeon.
             The game lasted 00:08:36 (3164 turns).

IdlyInterested the Chopper (Demonspawn Gladiator)   Turns: 3164, Time: 00:08:37

Health: -4/38      AC:  8    Str: 16    XL:     5   Next: 73%
Magic:  5/5        EV: 10    Int: 10    God:
Gold:   238        SH:  0    Dex: 14    Spells: 4/4 levels left

rFire   + . .        a - +0 war axe
rCold   . . .        (no shield)
rNeg    . . .        g - +0 scale mail
rPois   .            c - +0 helmet
rElec   .            (no cloak)
rCorr   +            l - +0 pair of gloves
SInv    .            (no boots)
Will    .....        (no amulet) Stlth
                     q - ring of resist corrosion
HPRegen 0.26/turn    k - ring of protection from fire
MPRegen 0.09/turn

%: no passive effects
@: no status effects
A: claws 2, powered by pain 1
a: no special abilities


You were on level 5 of the Dungeon.
You visited 1 branch of the dungeon, and saw 5 of its levels.

You collected 238 gold pieces.

Inventory:

Hand Weapons
 a - a +0 war axe (weapon)
 p - a +2 dagger of speed
Missiles
 d - 3 throwing nets
 e - a javelin
 f - 46 stones (quivered)
Armour
 b - a +0 leather armour
 c - a +0 helmet (worn)
 g - a +0 scale mail (worn)
 i - a +0 ring mail
 l - a +0 pair of gloves (worn)
 t - a +0 kite shield
Magical Staves
 w - a staff of air
Jewellery
 k - a ring of protection from fire (right hand)
 q - a ring of resist corrosion (left hand)
 x - a +6 ring of intelligence
Talismans
 z - a beast talisman
Scrolls
 h - a scroll of enchant weapon
 j - 2 scrolls of teleportation
 o - a scroll of blinking
 r - 2 scrolls of enchant armour
 s - 2 scrolls of fog
 u - a scroll of immolation
 v - a scroll of fear {unknown}
 y - a scroll of amnesia {unknown}
Potions
 m - a potion of brilliance


   Skills:
 - Level 2.0 Fighting
 * Level 5.1 Axes
 - Level 2.0 Throwing
 + Level 0.8 Armour
 - Level 3.0 Dodging
 - Level 2.0 Unarmed Combat


You had 4 spell levels left.
You didn't know any spells.
Your spell library contained the following spells:

 Spells                   Type           Power      Damage    Failure   Level
 Summon Small Mammal      Summ           0%         N/A       82%         1
 Ensorcelled Hibernation  Hex/Ice        0%         N/A       91%         2
 Passwall                 Tmut/Erth      0%         N/A       91%         2
 Call Canine Familiar     Summ           0%         N/A       99%         3
 Summon Guardian Golem    Hex/Summ       0%         N/A       99%         3
 Swiftness                Air            0%         N/A       99%         3
 Anguish                  Hex/Necr       0%         N/A       100%        4


Dungeon Overview and Level Annotations

Branches:
Dungeon (5/15)
 Temple: D:4-7

Altars:


Innate Abilities, Weirdness & Mutations

You have very sharp fingernails.
You sometimes gain a little power by taking damage.


Message History

The orc hits you with a +0 short sword.
* * * LOW HITPOINT WARNING * * *
The yak gores you.
* * * LOW HITPOINT WARNING * * *
The orc hits you with a +0 short sword.
* * * LOW HITPOINT WARNING * * *
You feel much better. The yak closely misses you.
The orc completely misses you.
You barely miss the yak.
The yak is moderately wounded.
You closely miss the orc. The yak gores you!
The orc hits you but does no damage.
You completely miss the yak.
The yak is moderately wounded.
You barely miss the yak. You slash the orc!
You kill the orc!
The yak gores you!
* * * LOW HITPOINT WARNING * * *
The yak gores you!
* * * LOW HITPOINT WARNING * * *
You feel much better. The yak gores you. x2
You barely miss the yak. You punch the yak.
The yak is moderately wounded.
You hit the yak. The yak barely misses you. The yak gores you.
You barely miss the yak.
The yak is moderately wounded.
You hit the yak but do no damage.
The yak gores you but does no damage. x2
You hit the yak.
The yak is moderately wounded.
You hit the yak. The yak gores you. The yak gores you but does no damage.
The yak closely misses you. The yak gores you but does no damage.
You hit the yak.
The yak is heavily wounded.
You hit the yak. The yak gores you. The yak barely misses you.
You barely miss the yak.
The yak is heavily wounded.
You hit the yak but do no damage. The yak gores you!
* * * LOW HITPOINT WARNING * * *
The yak gores you.
You die...

...........###............
.....#.................#..
.....#.............#.#.#..
.....#####.....#####.#...
Y ####....##.....#####.#
#.# ..
#......##..†......#.. ..
... #......##.........#
.... #.........##Y.....#
.....#........YY@).......
#............h##)...####
#.............########
.......................
...#.......#..........##
.........#.............
...........#..........#
..##.##..........####<# ..
#. #......###. #.#


You could see 3 yaks and a hound.

Vanquished Creatures
  A scorpion (D:4)
  A hound (D:5)
  5 adders
  A shadow imp (D:5)
  An ufetubus (D:5)
  A worm (D:2)
  2 dart slugs
  5 orcs
  6 endoplasms
  4 giant cockroaches
  4 goblins
  4 hobgoblins
  6 jackals
  4 quokkas
  4 ball pythons
  2 bats
  3 frilled lizards
  10 kobolds
  7 rats
71 creatures vanquished.

Notes
Turn   | Place    | Note
-------+----------+-------------------------------------------
     0 | D:1      | IdlyInterested the Demonspawn Gladiator began the quest for
                  | the Orb.
     0 | D:1      | Reached XP level 1. HP: 16/16 MP: 1/1
    59 | D:1      | Reached skill level 3 in Axes
   372 | D:1      | Gained mutation: You sometimes gain a little power by
                  | taking damage. [demonic ancestry]
   372 | D:1      | Reached XP level 2. HP: 15/22 MP: 2/2
   891 | D:2      | Gained mutation: You have sharp fingernails. [demonic
                  | ancestry]
   891 | D:2      | Reached XP level 3. HP: 26/27 MP: 3/3
  1139 | D:2      | Reached skill level 4 in Axes
  1260 | D:2      | Gained mutation: You have very sharp fingernails. [demonic
                  | ancestry]
  1260 | D:2      | Reached XP level 4. HP: 33/33 MP: 4/4
  1278 | D:2      | Reached skill level 1 in Unarmed Combat
  2813 | D:4      | Noticed a scorpion
  2824 | D:4      | Killed a scorpion
  2825 | D:4      | Reached XP level 5. HP: 31/38 MP: 5/5
  2928 | D:5      | Entered Level 5 of the Dungeon
  3043 | D:5      | Reached skill level 5 in Axes
  3133 | D:5      | Noticed a yak
  3134 | D:5      | Noticed a yak
  3151 | D:5      | Noticed a yak
  3164 | D:5      | Slain by a yak

Illustrated notes

Levels and vault maps discovered:
D:1:      lightli_arrival_chessboard, layout_loops_ring, minmay_crystal_room
D:2:      layout_basic, serial_glass, glass_columns_b, glass_columns_c,
          minmay_strange_pillars, feat_on_display
D:3:      layout_loops_corners, kennysheep_flooded_box
D:4:      layout_cave_pools, item_on_display_a
D:5:      layout_basic, uniq_eustachio, uniq_menkaure

Skill      XL: |  1  2  3  4  5 |
---------------+----------------+-----
Axes           | 3 4 5 |  5.1
Throwing       | 2 |  2.0
Dodging        | 3 |  3.0
Unarmed Combat | 1 2 |  2.0
Fighting       | |  2.0
Armour         | |  0.8

Action                     |  1- 3 |  4- 6 || total
---------------------------+-------+-------++-------
  Melee: War axe           |   108 |   115 ||   223
         Punch             |       |     3 ||     3
  Throw: Stone             |       |     4 ||     4
    Use: Scroll            |       |     8 ||     8
         Potion            |       |     3 ||     3
 Armour: Leather armour    |    17 |       ||    17
         Scale mail        |    41 |    68 ||   109
  Dodge: Dodged            |    89 |    71 ||   160

Table legend: (Time is in decaauts)
 A = Elapsed time spent in this place.
 B = Non-inter-level travel time spent in this place.
 C = Inter-level travel time spent in this place.
 D = Time resting spent in this place.
 E = Time spent auto-exploring this place.
 F = Levels seen in this place.
 G = Mean time per level.
                   A        B        C        D        E       F      G
               +--------+--------+--------+--------+--------+-----+--------+
         Total |   3232 |   2815 |    417 |    308 |   1796 |   5 |  646.4 |
       Dungeon |   3232 |   2815 |    417 |    308 |   1796 |   5 |  646.4 |
               +--------+--------+--------+--------+--------+-----+--------+

Top non-repeatable levels by time:
     D:1: 951 daAuts
     D:3: 879 daAuts
     D:2: 693 daAuts
     D:4: 538 daAuts
     D:5: 169 daAuts
